 Dungeon Crawl Stone Soup version 0.21.1-1-g345015fe64 (webtiles) character file.

115 Ingvold the Ruffian (level 5, -2/45 (46) HPs)
             Began as a Ghoul Monk on May 29, 2018.
             Slain by Sigmund
             ... wielding a +0 scythe
              (6 damage)
             ... on level 3 of the Dungeon.
             The game lasted 00:07:10 (1824 turns).

Ingvold the Ruffian (Ghoul Monk)                    Turns: 1824, Time: 00:07:10

HP:   -2/45 (46)    AC:  6    Str: 16    XL:     5   Next: 0%
MP:   4/4           EV: 12    Int:  5    God:
Gold: 88            SH:  0    Dex: 11    Spells: 4/4 levels left

rFire    . . .     SeeInvis .     - Unarmed
rCold    + . .     Gourm    .   (no shield)
rNeg     + + +     Faith    .   c - +0 leather armour
rPois    ∞         Spirit   .   l - +0 helmet
rElec    .         Reflect  .   (no cloak)
rCorr    .         Harm     +   (no gloves)
MR       .....                  h - +1 pair of boots
Stlth    ++........             e - amulet of harm
HPRegen  0.00/turn              (no ring)
MPRegen  0.09/turn              (no ring)

@: rotting
A: rotting body, claws 1, carnivore, cold resistance 1, negative energy
resistance 3, inhibited regeneration, torment resistance, unbreathing
a: no special abilities


You were on level 3 of the Dungeon.
You were not hungry.

You visited 1 branch of the dungeon, and saw 3 of its levels.

You collected 88 gold pieces.

Inventory:

Hand Weapons
 p - a +1 falchion of flaming
Armour
 c - a +0 leather armour (worn)
 h - a +1 pair of boots (worn)
 l - a +0 helmet (worn)
Jewellery
 e - an amulet of harm (around neck)
Scrolls
 d - 2 scrolls of teleportation {unknown}
 f - a scroll of blinking {unknown}
 i - a scroll of remove curse {unknown}
 k - a scroll of fog {unknown}
Potions
 g - a potion of curing {unknown}
 j - a potion of mutation {unknown}
 m - a potion of brilliance {unknown}
 n - a potion of lignification {unknown}
Comestibles
 a - a chunk of flesh
 b - 4 rations


   Skills:
 + Level 3.9 Fighting
 + Level 3.4 Dodging
 + Level 2.5 Stealth
 + Level 4.8 Unarmed Combat


You had 4 spell levels left.
You didn't know any spells.

Dungeon Overview and Level Annotations

Branches:
Dungeon (3/15)

Altars:
Ashenzari

Annotations:
D:3 ImError's ghost, amateur MfSk; Sigmund


Innate Abilities, Weirdness & Mutations

Your body is rotting away.
You thrive on raw meat.
You are immune to poison.
You have sharp fingernails.
You are carnivorous and can eat meat at any time.
Your flesh is cold resistant. (rC+)
You are immune to negative energy. (rN+++)
You do not regenerate when monsters are visible.
You are immune to unholy pain and torment.
You can survive without breathing.


Message History

You feel your flesh rotting away. The gnoll hits you with a whip.
Something hits you.
You scratch the gnoll.
The gnoll is lightly wounded.
Something hits you!
* * * LOW HITPOINT WARNING * * *
The gnoll misses you.
You barely miss the gnoll.
The gnoll is lightly wounded.
The gnoll hits you with a whip.
* * * LOW HITPOINT WARNING * * *
2 gnolls come into view.
A gnoll comes into view. It is wielding a spear.
The gnoll shouts!
Found a hand crossbow.
Found a ration and 9 gold pieces.
There is a stone staircase leading up here.
The gnoll hits you but does no damage. Something hits you.
You die...

##
#.##.(....##.#.#####..(###.##
#.............. #.....(((..#
####.#....g..# #..........##
#.#......## #.).........†
#.####g...# ####...######
#.......g.# #...# #######...#
#...###### #.g.# #....>....
#..@# # ##........
#.........##...<.##.
...................##)
$.%............#...#...)
..)...........##...#.##.
#####...#####.##........
#.... ##........ #...#
#.####### #.#.. .


You could see 4 gnolls.

Vanquished Creatures
  A worker ant (D:2)
  3 adders
  3 dart slugs (D:2)
  5 orcs (D:3)
  5 giant cockroaches
  6 goblins
  6 hobgoblins
  A quokka (D:3)
  A ball python (D:3)
  7 bats
  3 frilled lizards
  6 kobolds
  8 rats
55 creatures vanquished.

Notes
Turn   | Place    | Note
-------+----------+-------------------------------------------
     0 | D:1      | Ingvold the Ghoul Monk began the quest for the Orb.
     0 | D:1      | Reached XP level 1. HP: 19/19 MP: 0/0
     6 | D:1      | Noticed a black mamba
     6 | D:1      | Noticed a lindwurm
     6 | D:1      | Noticed an eight-headed hydra
     6 | D:1      | Noticed a polar bear
   307 | D:1      | Reached XP level 2. HP: 26/26 MP: 1/1
   734 | D:2      | Reached XP level 3. HP: 15/31 MP: 2/2
   959 | D:2      | Reached skill level 4 in Unarmed Combat
   959 | D:2      | Reached XP level 4. HP: 20/40 MP: 3/3
  1707 | D:3      | Found a shattered altar of Ashenzari.
  1753 | D:3      | Noticed ImError's ghost (amateur MfSk)
  1799 | D:3      | Noticed Sigmund
  1810 | D:3      | Reached XP level 5. HP: 38/46 MP: 4/4
  1824 | D:3      | Slain by Sigmund

Skill      XL: |  1  2  3 |
---------------+----------+-----
Dodging        | 3 |  3.4
Unarmed Combat | 4 |  4.8
Fighting       | |  3.9
Stealth        | |  2.5

Action                   |  1- 3 |  4- 6 || total
-------------------------+-------+-------++-------
Melee: Unarmed           |    77 |    81 ||   158
       Punch             |     2 |     1 ||     3
 Stab: Sleeping          |       |     2 ||     2
  Eat: Chunk             |     2 |     2 ||     4
Armor: Robe              |    25 |     5 ||    30
       Leather armour    |       |    16 ||    16
Dodge: Dodged            |    64 |    55 ||   119
